 Dungeon Crawl Stone Soup version 0.21-a0-125-gb006224 (webtiles) character file.

69 4thArraOfDagon the Digger (level 3, -3/26 HPs)
             Began as a Demigod Earth Elementalist on July 14, 2017.
             Slain by an iguana (8 damage)
             ... on level 4 of the Dungeon.
             The game lasted 00:04:57 (1277 turns).

4thArraOfDagon the Digger (DgEE)                    Turns: 1277, Time: 00:04:58

Health: -3/26      AC:  3    Str: 11    XL:     3   Next: 75%
Magic:  5/9        EV: 12    Int: 21    God:
Gold:   98         SH:  0    Dex: 16    Spells: 3/7 levels left

rFire    + . .     SeeInvis .   r - +0 mace
rCold    . . .     Gourm    .   (no shield)
rNeg     + . .     Faith    .   c - +0 robe
rPois    .         Spirit   .   j - +0 helmet
rElec    .         Reflect  .   (no cloak)
rCorr    .         Harm     .   (no gloves)
MR       .....                  (no boots)
Stlth    ++........             x - amulet of magic regeneration
HPRegen  0.08/turn              s - ring of protection from fire
MPRegen  0.36/turn              u - ring of positive energy

@: lethally poisoned (-3 -> -8)
A: high mp 1
a: no special abilities


You were on level 4 of the Dungeon.
You were hungry.

You visited 1 branch of the dungeon, and saw 4 of its levels.

You collected 98 gold pieces.

Inventory:

Hand Weapons
 o - a +0 hand axe
 r - a +0 mace (weapon)
Missiles
 b - 48 stones (quivered)
Armour
 c - a +0 robe (worn)
 j - a +0 helmet (worn)
 t - a +0 buckler
Jewellery
 h - an uncursed ring of ice
 s - a ring of protection from fire (left hand)
 u - a ring of positive energy (right hand)
 x - an amulet of magic regeneration (around neck)
 F - an uncursed amulet of guardian spirit {unknown}
Wands
 n - a wand of confusion (20/48)
 E - a wand of disintegration (17/24)
Scrolls
 a - 2 scrolls of teleportation
 p - a scroll of immolation {unknown}
 v - 2 scrolls of enchant armour {unknown}
 w - a scroll of amnesia {unknown}
 y - 2 scrolls of enchant weapon {unknown}
 B - a scroll of blinking {unknown}
 C - a scroll of fog
Potions
 f - a potion of ambrosia {unknown}
 i - a potion of lignification {unknown}
 k - a potion of invisibility {unknown}
 l - a potion of flight {unknown}
 q - 3 potions of curing {unknown}
 A - a potion of magic {unknown}
 D - 2 potions of brilliance {unknown}
Books
 e - a book of Geomancy

   Spells                             Type                      Level
   a - Sandblast                      Earth                        1
   b - Passwall                       Transmutation/Earth          2
   c - Stone Arrow                    Conjuration/Earth            3
   d - Petrify                        Transmutation/Earth          4
   e - Lee's Rapid Deconstruction     Earth                        5
Comestibles
 d - 3 bread rations
 m - a fruit
 z - a royal jelly


   Skills:
 - Level 1.7 Dodging
 - Level 1.7 Stealth
 + Level 2.6 Spellcasting
   Level 0.8 Transmutations
 * Level 3.8 Earth Magic


You had 3 spell levels left.
You knew the following spells:

 Your Spells              Type           Power        Failure   Level  Hunger
a - Sandblast             Erth           ###...       2%          1    None
b - Stone Arrow           Conj/Erth      ##....       19%         3    ###....


Dungeon Overview and Level Annotations

Branches:
Dungeon (4/15)
 Temple: D:4-7

Annotations:
D:3 tilp's ghost, amateur DsAK
D:4 4thArraOfDagon's ghost, weakling DgEE


Innate Abilities, Weirdness & Mutations

You have an increased reservoir of magic. (+10% MP)


Message History

Confirm with . or Enter, or press ? or * to list all spells.
Aiming: Sandblast
Press: ? - help, Shift-Dir - straight line, f/p - iguana
Aim: an iguana (almost dead)
The blast of sand hits the iguana.
The iguana is almost dead.
b - 49 stones
* * * LOW HITPOINT WARNING * * *
You feel sick. The iguana closely misses you.
Unknown command.
Unknown command.
Casting: Sandblast
Confirm with . or Enter, or press ? or * to list all spells.
Aiming: Sandblast
Press: ? - help, Shift-Dir - straight line, f/p - iguana
Aim: an iguana (almost dead)
The blast of sand misses the iguana.
b - 48 stones The iguana bites you!
You die...

...... ##
#.^..# #
#.##....##..
#...........
#...........
#...........
#...........
#.@l<.......
#...........
+...........
##.%.##+####
#...# ....#
.....#
......#


You could see an iguana.

Vanquished Creatures
  A gnoll (D:1)
  2 adders (D:3)
  2 dart slugs
  A leopard gecko (D:3)
  2 ball pythons
  4 giant cockroaches
  2 goblins (D:3)
  5 hobgoblins
  A quokka (D:2)
  5 bats
  2 frilled lizards
  4 kobolds (D:1)
  7 rats
38 creatures vanquished.

Notes
Turn   | Place    | Note
-------+----------+-------------------------------------------
     0 | D:1      | 4thArraOfDagon the Demigod Earth Elementalist began the quest for the Orb.
     0 | D:1      | Reached XP level 1. HP: 14/14 MP: 5/5
     0 | D:1      | 4thArraOfDagon: they are quite terrible
   206 | D:2      | Reached skill level 3 in Earth Magic
   391 | D:1      | Reached XP level 2. HP: 19/20 MP: 7/7
   804 | D:3      | Reached XP level 3. HP: 18/26 MP: 5/9
   988 | D:4      | Noticed 4thArraOfDagon's ghost (weakling DgEE)
  1133 | D:2      | Learned a level 3 spell: Stone Arrow
  1186 | D:3      | Noticed tilp's ghost (amateur DsAK)
  1277 | D:4      | Slain by an iguana

Vault maps used:
D:1:      dpeg_arrival_snail, minmay_misc_feat_diagonals
D:2:      lemuel_round_altar, zin_purify, marbit_many_paths
D:4:      first_bread, nrook_mini_vaults, ashenzari_altar_1

Skill      XL: |  1 |
---------------+----+-----
Earth Magic    | 3 |  3.8
Spellcasting   | 2 |  2.6
Dodging        | |  1.7
Stealth        | |  1.7
Transmutations | |  0.8

Action                   || total
-------------------------++-------
Melee: Unarmed           ||    44
       Mace              ||    68
       Hand axe          ||     8
 Cast: Sandblast         ||    31
  Use: Scroll            ||     3
       Potion            ||     2
 Stab: Sleeping          ||     3
  Eat: Chunk             ||     1
Armor: Robe              ||    41
Dodge: Dodged            ||   107
